 Dungeon Crawl Stone Soup version 0.23.1 (webtiles) character file.

Game seed: 2916546500862252265

337 Kairos the Sneak (level 6, -2/32 HPs)
             Began as a Vine Stalker Assassin on Mar 8, 2019.
             Slain by a bullfrog (3 damage)
             ... in a sewer.
             The game lasted 00:05:40 (2833 turns).

Kairos the Sneak (Vine Stalker Assassin)            Turns: 2833, Time: 00:05:43

Health: -2/32      AC:  8    Str: 13    XL:     6   Next: 54%
Magic:  0/7        EV:  9    Int: 14    God:
Gold:   103        SH:  4    Dex: 18    Spells: 5/5 levels left

rFire    . . .     SeeInvis .   a - +4 dagger
rCold    . . .     Gourm    .   i - +0 buckler
rNeg     . . .     Faith    .   c - +0 robe
rPois    .         Spirit   +   j - +2 helmet {Int+3}
rElec    .         Reflect  .   d - +0 cloak
rCorr    +         Harm     .   (no gloves)
MR       .....                  (no boots)
Stlth    ++++......             (no amulet)
HPRegen  0.50/turn              o - ring of resist corrosion
MPRegen  0.10/turn              (no ring)

@: about to teleport, constricted
A: fangs 2, hooves 1, molten scales 1, sense surroundings 1, regeneration 1,
magic shield, antimagic bite, no potion heal 3, rot immunity, subdued magic 1
a: no special abilities


You were in a sewer.
You were hungry.

You visited 1 branch of the dungeon, and saw 3 of its levels.
You also visited: Sewer.

You collected 103 gold pieces.

Inventory:

Hand Weapons
 a - a +4 dagger (weapon)
 b - a +0 blowgun
Missiles
 e - 8 poisoned needles
 f - 2 curare-tipped needles
 h - 8 needles of confusion
Armour
 c - a +0 robe (worn)
 d - a +0 cloak (worn)
 i - a +0 buckler (worn)
 j - a +2 helmet of intelligence (worn)
Jewellery
 o - a ring of resist corrosion (left hand)
Scrolls
 k - 2 scrolls of identify
 r - a scroll of fog
 s - a scroll of magic mapping {unknown}
 t - a scroll of blinking {unknown}
Potions
 n - 2 potions of curing
 q - 2 potions of magic
Comestibles
 g - 9 rations
 l - a chunk of flesh


   Skills:
 + Level 2.4 Fighting
 + Level 3.5 Short Blades
 + Level 1.8 Throwing
 + Level 1.8 Dodging
 + Level 7.6 Stealth
 + Level 0.1 Shields


You had 5 spell levels left.
You didn't know any spells.
Your spell library was empty.

Dungeon Overview and Level Annotations

Branches:
Dungeon (3/15)

Altars:
Zin


Innate Abilities, Weirdness & Mutations

You have extremely sharp teeth.
Your natural rate of healing is unusually fast.
When hurt, damage is shared between your health and your magic reserves.
Your bite disrupts and absorbs the magic of your enemies.
Potions cannot restore your health.
You are immune to rotting.
You have large cloven feet.
You are partially covered in molten scales. (AC +2)
You passively map a small area around you.
Your spells are a little easier to cast, but a little less powerful.


Message History

You block the ball python's attack.
The ball python bites you but does no damage.
The ball python constricts you.
As you read the scroll of teleportation, it crumbles to dust.
You feel strangely unstable. The bullfrog hits you.
* * * LOW HITPOINT WARNING * * *
The bullfrog barely misses you.
The bullfrog hits you but does no damage.
The ball python misses you. The ball python bites you.
* * * LOW HITPOINT WARNING * * *
The ball python constricts you.
The bullfrog hits you but does no damage.
Okay, then.
As you read the scroll labeled DADIBR ESHROON, it crumbles to dust.
The scroll dissolves into smoke.
It was a scroll of fog.
An adder comes into view.
The bullfrog hits you!
* * * LOW HITPOINT WARNING * * *
The bullfrog hits you.
You die...

##≈.≈≈.##..#
##...≈
#≈≈≈≈≈≈#####
#≈≈≈≈≈
#≈≈≈≈≈≈#
#≈≈≈≈≈
#≈≈≈≈≈≈#
#≈≈≈≈≈
#≈≈≈≈≈≈#
#≈†≈≈≈
#≈≈≈≈≈≈#
#†††≈≈
#§≈≈≈≈≈#
##.÷..
#§§#≈≈≈#
#≈≈)[≈
#F@§≈≈≈#
#≈≈≈≈≈
#SFS≈≈≈#
#≈≈≈≈≈
#≈l≈≈≈≈#
#≈≈≈≈≈
#≈S≈≈≈≈#
#≈≈≈≈≈
#≈≈J≈≈≈#
#≈≈≈≈≈
#≈≈≈≈≈≈#
#≈≈≈≈≈
#≈≈≈≈≈≈#
#≈≈≈≈≈
#≈≈S#≈≈#
#≈≈≈≈≈
##.≈≈≈.#
##≈.≈.


You could see 2 bullfrogs, an ooze, an adder (wandering), 3 ball pythons and a
frilled lizard.

Vanquished Creatures
  A scorpion (D:3)
  A hound (D:2)
  An orc priest (D:3)
  2 orc wizards (D:3)
  7 adders
  A river rat (Sewer)
  4 worms
  2 dart slugs
  2 leopard geckos (D:3)
  3 orcs (D:3)
  6 giant cockroaches
  6 goblins
  4 hobgoblins
  2 quokkas (D:3)
  8 ball pythons (Sewer)
  8 bats
  7 frilled lizards
  6 kobolds
  32 rats
103 creatures vanquished.

Notes
Turn   | Place    | Note
-------+----------+-------------------------------------------
     0 | D:1      | Kairos the Vine Stalker Assassin began the quest for the
                  | Orb.
     0 | D:1      | Reached XP level 1. HP: 11/11 MP: 2/2
   155 | D:1      | Reached skill level 5 in Stealth
   288 | D:1      | Reached XP level 2. HP: 15/15 MP: 3/3
   756 | D:2      | Reached XP level 3. HP: 14/18 MP: 4/4
   902 | D:2      | Reached skill level 6 in Stealth
  1051 | D:2      | Reached skill level 1 in Dodging
  1317 | D:2      | Gained mutation: Your natural rate of healing is unusually
                  | fast. [Vine Stalker growth]
  1317 | D:2      | Reached XP level 4. HP: 12/23 MP: 5/5
  1481 | D:2      | Found a glowing silver altar of Zin.
  2094 | D:3      | Reached XP level 5. HP: 26/26 MP: 6/6
  2105 | D:3      | Reached skill level 7 in Stealth
  2408 | D:3      | Reached XP level 6. HP: 30/30 MP: 7/7
  2508 | D:3      | Found a glowing drain.
  2540 | Sewer    | Entered a sewer
  2828 | Sewer    | Gained mutation: Your spells are a little easier to cast,
                  | but a little less powerful. [potion of mutation]
  2828 | Sewer    | Gained mutation: You have large cloven feet. [potion of
                  | mutation]
  2828 | Sewer    | Gained mutation: You passively map a small area around you.
                  | [potion of mutation]
  2828 | Sewer    | Gained mutation: You are partially covered in molten
                  | scales. (AC +2) [potion of mutation]
  2833 | Sewer    | HP: 1/32 [bullfrog (6)]
  2833 | Sewer    | Slain by a bullfrog

Skill      XL: |  1  2  3  4  5 |
---------------+----------------+-----
Stealth        | 5 6 7 |  7.6
Short Blades   | 2 3 |  3.5
Dodging        | 1 |  1.8
Fighting       | 2 |  2.4
Throwing       | |  1.8
Shields        | |  0.1

Action                   |  1- 3 |  4- 6 || total
-------------------------+-------+-------++-------
Melee: Dagger            |    87 |   199 ||   286
       Bite              |    21 |    46 ||    67
  Use: Scroll            |     5 |     5 ||    10
       Potion            |       |     2 ||     2
 Stab: Sleeping          |    14 |    14 ||    28
  Eat: Chunk             |     1 |     5 ||     6
Armor: Robe              |    31 |    60 ||    91
Dodge: Dodged            |    50 |    80 ||   130
Block: Buckler           |       |    25 ||    25
